 Dungeon Crawl Stone Soup version 0.29-a0-67-g1d65ae1bb4 (webtiles) character file.

Game seed: 17322219518627776512

9 Bosse the Magician (level 2, 0/19 HPs)
             Began as a Demonspawn Hedge Wizard on Feb 3, 2022.
             Was a Follower of Wu Jian.
             Slain by a goblin (1 damage)
             ... on level 2 of the Dungeon.
             The game lasted 00:01:41 (930 turns).

Bosse the Magician (Demonspawn Hedge Wizard)         Turns: 930, Time: 00:01:41

Health: 0/19       AC:  3    Str: 10    XL:     2   Next: 3%
Magic:  6/6        EV: 16    Int: 15    God:    Wu Jian [*.....]
Gold:   20         SH:  0    Dex: 12    Spells: 6/7 levels left

rFire   . . .      SeeInvis .   a - +0 dagger
rCold   . . .      Faith    .   (no shield)
rNeg    . . .      Spirit   .   b - +0 robe
rPois   .          Reflect  .   c - +0 hat
rElec   .          Harm     .   (no cloak)
rCorr   .          Rampage  .   d - +0 pair of gloves
Will    .....                   (no boots)
Stlth   ++........              (no amulet)
HPRegen 0.06/turn               j - +4 ring of evasion
MPRegen 0.10/turn               (no ring)

@: no status effects
A: horns 1
a: Renounce Religion


You were on level 2 of the Dungeon.
You worshipped Wu Jian.
Wu Jian was aware of your devotion.
You visited 1 branch of the dungeon, and saw 2 of its levels.

You collected 20 gold pieces.

Inventory:

Hand Weapons
 a - a +0 dagger (weapon)
Armour
 b - a +0 robe (worn)
 c - a +0 hat (worn)
 d - a +0 pair of gloves (worn)
Jewellery
 j - a +4 ring of evasion (left hand)
Scrolls
 g - a scroll of noise {unknown}
Potions
 e - a potion of mutation {unknown}
 f - a potion of might {unknown}
 h - 3 potions of curing {unknown}
 i - a potion of attraction {unknown}


   Skills:
 + Level 2.0 Dodging
 + Level 1.7 Stealth
 + Level 3.3 Spellcasting
 + Level 1.0 Conjurations
 + Level 1.0 Summonings
 + Level 0.8 Translocations


You had 6 spell levels left.
You knew the following spells:

 Your Spells              Type           Power      Damage    Failure   Level
a - Magic Dart            Conj           20%        1d4       13%         1

Your spell library contained the following spells:

 Spells                   Type           Power      Damage    Failure   Level
 Slow                     Hex            8%         N/A       19%         1
 Call Imp                 Summ           5%         N/A       19%         2
 Blink                    Tloc           10%        N/A       21%         2
 Conjure Flame            Conj/Fire      4%         6-21      43%         3
 Mephitic Cloud           Conj/Pois/Air  3%         N/A       45%         3


Dungeon Overview and Level Annotations

Branches:
Dungeon (2/15)

Altars:
Wu Jian


Innate Abilities, Weirdness & Mutations

You have a pair of small horns on your head.


Message History

You can now perform damaging attacks by moving towards foes.
You can now lightly attack monsters by moving around them.
Unknown command.
Press < or > to pray at altars.
There is a stone staircase leading down here.
You climb downwards.
Found 31 sling bullets and 10 gold pieces.
There is a stone staircase leading up here.
The hobgoblin shouts!
The hobgoblin misses you. The goblin closely misses you.
The hobgoblin hits you. The goblin closely misses you.
The hobgoblin closely misses you. The goblin misses you.
The hobgoblin barely misses you. The goblin completely misses you.
The hobgoblin hits you. The goblin completely misses you.
The hobgoblin hits you. The goblin hits you with a +0 dagger.
The hobgoblin completely misses you. The goblin hits you with a +0 dagger.
The hobgoblin hits you but does no damage.
The goblin hits you but does no damage. The hobgoblin completely misses you.
The goblin completely misses you. The hobgoblin misses you.
The goblin hits you with a +0 dagger. The hobgoblin closely misses you.
The goblin closely misses you. The hobgoblin misses you.
The goblin barely misses you. The hobgoblin closely misses you.
The goblin hits you with a +0 dagger.
The hobgoblin hits you but does no damage.
The goblin hits you but does no damage. The hobgoblin closely misses you.
The goblin barely misses you. The hobgoblin completely misses you.
The goblin completely misses you.
The hobgoblin hits you but does no damage.
The goblin hits you with a +0 dagger. The hobgoblin hits you.
* * * LOW HITPOINT WARNING * * *
The goblin hits you but does no damage. The hobgoblin completely misses you.
The goblin hits you but does no damage. The hobgoblin hits you.
* * * LOW HITPOINT WARNING * * *
The goblin closely misses you. The hobgoblin misses you. The goblin misses you.
The hobgoblin misses you. The goblin closely misses you.
The hobgoblin hits you.
* * * LOW HITPOINT WARNING * * *
The goblin hits you with a +0 dagger.
You die...

#########
#.......#
#@g.....#
#..g....#..#
#.##.##.# #
..( .. #.$
..# ...# ##
#... ##.#


You could see a hobgoblin and a goblin.

Vanquished Creatures
  A ball python (D:1)
  A bat (D:1)
  An endoplasm (D:1)
  A hobgoblin (D:1)
  2 kobolds (D:1)
  A frilled lizard (D:1)
  A rat (D:1)
8 creatures vanquished.

Notes
Turn   | Place    | Note
-------+----------+-------------------------------------------
     0 | D:1      | Bosse the Demonspawn Hedge Wizard began the quest for the
                  | Orb.
     0 | D:1      | Reached XP level 1. HP: 13/13 MP: 4/4
   432 | D:1      | Found a faded altar of an unknown god.
   636 | D:1      | Discovered your monstrous ancestry.
   636 | D:1      | Gained mutation: You have a pair of small horns on your
                  | head. [demonic ancestry]
   636 | D:1      | Reached XP level 2. HP: 19/19 MP: 3/6
   895 | D:1      | Prayed at the altar of an unknown god.
   895 | D:1      | Became a worshipper of the Wu Jian Council
   895 | D:1      | Reached * piety under Wu Jian
   930 | D:2      | Slain by a goblin

Illustrated notes

Levels and vault maps discovered:
D:1:      amcnicky_arrival_underground_garden, layout_basic,
          shapermc_ecumenical_altar_totnotflames, hangedman_glass_teeth
D:2:      layout_loops_cross, uniq_robin, uniq_crazy_yiuf_cottage

Skill      XL: |  1 |
---------------+----+-----
Dodging        | 2 |  2.0
Stealth        | |  1.7
Spellcasting   | |  3.3
Conjurations   | |  1.0
Summonings     | |  1.0
Translocations | |  0.8

Action                   || total
-------------------------++-------
Melee: Dagger            ||     2
 Cast: Magic Dart        ||    18
Armor: Robe              ||     8
Dodge: Dodged            ||    29

Table legend: (Time is in decaauts)
 A = Elapsed time spent in this place.
 B = Non-inter-level travel time spent in this place.
 C = Inter-level travel time spent in this place.
 D = Time resting spent in this place.
 E = Time spent auto-exploring this place.
 F = Levels seen in this place.
 G = Mean time per level.
                   A        B        C        D        E       F      G
               +--------+--------+--------+--------+--------+-----+--------+
         Total |    929 |    871 |     58 |      0 |    774 |   2 |  464.5 |
       Dungeon |    929 |    871 |     58 |      0 |    774 |   2 |  464.5 |
               +--------+--------+--------+--------+--------+-----+--------+

Top non-repeatable levels by time:
     D:1: 903 daAuts
     D:2: 25 daAuts
